 Dungeon Crawl Stone Soup version 0.31-a0-222-gefeffbb62a (webtiles) character file.

Game seed: 17048042685414749031

11947 bmack86 the Severer (level 11, -1/94 HPs)
             Began as a Minotaur Fighter on July 6, 2023.
             Was an Elder of Trog.
             Slain by Rupert
             ... wielding a +5 great sword of distortion
              (15 damage)
             ... on level 12 of the Dungeon.
             The game lasted 00:30:31 (10217 turns).

bmack86 the Severer (Minotaur Fighter)             Turns: 10217, Time: 00:30:32

Health: -1/94      AC: 23    Str: 25    XL:     11   Next: 56%
Magic:  10/10      EV:  6    Int:  8    God:    Trog [****..]
Gold:   546        SH: 10    Dex: 10    Spells: 10/10 levels left

rFire   . . .        w - +8 hand axe of Domn {holy, rElec Int+3 Stlth-}
rCold   . . .        r - +0 kite shield
rNeg    . . .        z - +0 plate armour
rPois   .            L - +2 hat
rElec   +            t - +2 cloak
rCorr   .            m - +2 pair of gloves
SInv    +            M - +0 pair of boots
Will    +....        (no amulet) Stlth
                     e - ring of see invisible
HPRegen 0.35/turn    x - ring of willpower
MPRegen 0.12/turn

%: no passive effects
@: on berserk cooldown, slowed, very slow
A: horns 2, retaliatory headbutt
a: Renounce Religion, Berserk, Trog's Hand, Brothers in Arms


You were on level 12 of the Dungeon.
You worshipped Trog.
Trog was greatly pleased with you.
You visited 2 branches of the dungeon, and saw 13 of its levels.

You collected 546 gold pieces.

Inventory:

Hand Weapons
 a - a +1 war axe
 w - the +8 hand axe of Domn (weapon) {holy, rElec Int+3 Stlth-}
   (You found it on level 3 of the Dungeon)

   Int:       It affects your intelligence (+3).
   rElec:     It insulates you from electricity.
   Stlth:     It makes you less stealthy.
Missiles
 h - 18 poisoned darts
 l - 7 javelins
 q - 9 boomerangs (quivered)
 D - 3 throwing nets
Armour
 b - a +0 scale mail
 c - a +0 buckler
 m - a +2 pair of gloves (worn)
 r - a +0 kite shield (worn)
 t - a +2 cloak (worn)
 z - a +0 plate armour (worn)
 L - a +2 hat (worn)
 M - a +0 pair of boots (worn)
Jewellery
 e - a ring of see invisible (left hand)
 p - a +5 ring of evasion
 x - a ring of willpower (right hand)
 G - a ring of protection from fire
 O - a ring of protection from cold
 S - an amulet of reflection
Wands
 f - a wand of acid (10)
 A - a wand of polymorph (2)
 B - a wand of charming (16)
 C - a wand of digging (10)
 I - a wand of iceblast (13)
 Q - a wand of flame (13)
Scrolls
 g - 2 scrolls of immolation
 s - a scroll of enchant weapon
 y - 8 scrolls of teleportation
 E - 2 scrolls of poison
 H - 5 scrolls of identify
 J - 2 scrolls of fear
 N - a scroll of blinking
 P - a scroll of revelation
 R - a scroll of amnesia
Potions
 d - a potion of might
 i - 9 potions of curing
 j - 2 potions of brilliance
 k - 3 potions of enlightenment
 n - 4 potions of attraction
 o - 2 potions of haste
 u - 3 potions of lignification
 v - a potion of mutation
 F - a potion of cancellation
 K - a potion of heal wounds


   Skills:
 + Level 8.2 Fighting
 - Level 18.0 Axes
 + Level 8.1 Armour
 + Level 8.0 Shields


You had 10 spell levels left.
You didn't know any spells.
Your spell library contained the following spells:

 Spells                   Type           Power      Damage    Failure   Level
 Sting                    Tmut/Pois      0%         1d3       100%        1
 Poisonous Vapours        Pois/Air       0%         N/A       100%        2
 Hailstorm                Conj/Ice       0%         3d3       100%        3
 Ice Form                 Ice/Tmut       0%         N/A       100%        4
 Olgreb's Toxic Radiance  Pois           0%         N/A       100%        4
 Iskenderun's Battlesphe  Conj           0%         2d6       100%        5
 Leda's Unmaking          Conj/Erth      0%         9d1       100%        6
 Simulacrum               Ice/Necr       0%         N/A       100%        6
 Spellforged Servitor     Conj/Summ      0%         N/A       100%        7


Dungeon Overview and Level Annotations

Branches:
Dungeon (12/15)            Temple (1/1) D:4            Lair (0/5) D:11
    Orc (0/2) D:10

Altars:
Ashenzari
Cheibriados
Dithmenos
Elyvilon
Fedhas
Gozag
Hepliaklqana
Kikubaaqudgha
Makhleb
Nemelex Xobeh
Okawaru
Qazlal
Ru
Sif Muna
Trog
Uskayaw
Vehumet
Wu Jian
Xom
Yredelemnul
Zin
The Shining One

Shops:
D:6 !   D:7 (

Annotations:
D:12 Rupert


Innate Abilities, Weirdness & Mutations

You have a pair of horns on your head.
You reflexively headbutt those who attack you in melee.


Message History

A red film seems to cover your vision as you go berserk!
You feel yourself moving faster!
You feel mighty!
Rupert looks confused.
You feel a strong urge to attack something.
You closely miss Rupert. Rupert yells loudly at you.
You are confused.
You bump into the rock wall.
You feel a strong urge to attack something.
You bump into the rock wall.
You are no longer berserk.
You are exhausted.
You feel yourself slow down.
Rupert hits you with a +5 great sword of distortion!
You blink.
You bump into the rock wall.
You feel less confused. Rupert hits you but does no damage.
Rupert yells loudly at you. You resist with some effort.
You hit Rupert but do no damage. You block Rupert's attack.
You slash Rupert! Your headbutt misses Rupert.
Rupert is lightly wounded.
Rupert roars madly and goes into a rage!
Rupert goes berserk!
You barely miss Rupert.
Rupert is lightly wounded.
Rupert hits you with a +5 great sword of distortion!!
Space warps around you. You block Rupert's attack.
You hit Rupert.
Rupert is lightly wounded.
Rupert hits you with a +5 great sword of distortion!
You hit Rupert.
Rupert is lightly wounded.
Rupert hits you with a +5 great sword of distortion!!
* * * LOW HITPOINT WARNING * * *
Space warps around you.
* * * LOW HITPOINT WARNING * * *
Rupert hits you with a +5 great sword of distortion!
You die...

...... # # # # # # #
#############. #
#....@@....... #####
##.########### #....
#...# ########....
###.#######...........
#.........#.######....
#.#.#####.#.# ##.##
#.#.# #.#.# #.## #.#.#
##.#'#######..[ #.#.#
#..........###.


You could see Rupert (berserk).

Vanquished Creatures
  A boulder beetle (D:12)
  4 two-headed ogres
  Pikel (D:4)
  A wizard (D:12)
  An ugly thing (D:12)
  A gargoyle (D:12)
  A kobold demonologist (D:3)
  2 trolls
  A hornet (D:8)
  Prince Ribbit (D:9)
  A vampire (D:12)
  A shadow (D:11)
  5 yaks (D:8)
  A basilisk (shapeshifter) (D:12)
  Eustachio (D:4)
  3 vampire mosquitoes (D:12)
  Menkaure (D:6)
  A steam dragon (D:10)
  Edmund (D:4)
  A warg (D:10)
  2 water moccasins
  An acid dragon (D:10)
  2 ice beasts
  4 orc warriors
  An ogre (D:4)
  A sky beast (D:7)
  4 lemures (D:4)
  5 centaurs
  A kobold brigand (D:10)
  2 bullfrogs
  3 necrophages (D:4)
  A gnoll sergeant (D:3)
  6 scorpions
  A water moccasin zombie (D:4)
  4 wights (D:8)
  9 howler monkeys
  6 hounds
  2 jellies
  11 orc priests
  4 iguanas
  Crazy Yiuf (D:6)
  2 sleepcaps (D:5)
  Natasha (thrice) (D:3)
  9 orc wizards
  13 gnolls
  7 adders
  4 shadow imps
  2 white imps
  An ufetubus (D:5)
  2 adder zombies (D:4)
  2 worms
  3 dart slugs
  46 orcs
  13 ball pythons
  4 endoplasms
  3 giant cockroaches
  7 goblins
  8 hobgoblins
  4 jackals
  13 kobolds
  4 quokkas
  3 bats (D:1)
  13 frilled lizards
  8 rats
275 creatures vanquished.

Notes
Turn   | Place    | Note
-------+----------+-------------------------------------------
     0 | D:1      | bmack86 the Minotaur Fighter began the quest for the Orb.
     0 | D:1      | Reached XP level 1. HP: 19/19 MP: 0/0
    41 | D:1      | Reached skill level 3 in Axes
    43 | D:1      | Reached XP level 2. HP: 17/26 MP: 1/1
   347 | D:1      | Reached skill level 4 in Axes
   561 | D:2      | Reached XP level 3. HP: 30/31 MP: 2/2
   854 | D:2      | Reached skill level 5 in Axes
  1126 | D:2      | Reached XP level 4. HP: 39/39 MP: 3/3
  1572 | D:3      | Reached skill level 6 in Axes
  1579 | D:3      | Reached XP level 5. HP: 19/45 MP: 4/4
  1647 | D:3      | Identified the +7 long sword "Dehienirgh" {holy, Int+3}
  1741 | D:3      | Found a transporter.
  1762 | D:3      | Noticed a kobold demonologist
  1770 | D:3      | Found a transporter.
  1772 | D:3      | Noticed Natasha
  1778 | D:3      | Killed Natasha
  1779 | D:3      | Reached skill level 7 in Axes
  1875 | D:3      | Noticed Natasha
  1883 | D:3      | Killed Natasha
  1953 | D:3      | Reached skill level 8 in Axes
  1953 | D:3      | Reached XP level 6. HP: 29/51 MP: 5/5
  2144 | D:3      | Noticed Natasha
  2150 | D:3      | Killed Natasha
  2372 | D:3      | Identified the +8 hand axe of Domn {holy, rElec Int+3
                  | Stlth-}
  2524 | D:3      | Found a faded altar of an unknown god.
  2631 | D:4      | Noticed Eustachio
  2646 | D:4      | Killed Eustachio
  2647 | D:4      | Reached skill level 9 in Axes
  2647 | D:4      | Reached XP level 7. HP: 47/57 MP: 6/6
  2745 | D:4      | Noticed Pikel
  2763 | D:4      | Killed Pikel
  2764 | D:4      | Reached skill level 11 in Axes
  2764 | D:4      | Reached XP level 8. HP: 57/64 MP: 7/7
  2839 | D:4      | Reached skill level 12 in Axes
  3042 | D:4      | Found a staircase to the Ecumenical Temple.
  3054 | D:4      | Noticed Edmund
  3076 | Temple   | Entered the Ecumenical Temple
  3101 | Temple   | Became a worshipper of Trog the Wrathful
  3130 | D:4      | Killed Edmund
  3289 | D:4      | Found a blossoming altar of Fedhas.
  3335 | D:4      | You fall into a shaft and drop 3 floors!
  3371 | D:7      | Reached skill level 13 in Axes
  3565 | D:6      | Found a runed translucent door.
  3566 | D:6      | Noticed Crazy Yiuf
  3572 | D:6      | Killed Crazy Yiuf
  3619 | D:6      | Found a broken altar of Ashenzari.
  3621 | D:6      | Found a shimmering blue altar of Sif Muna.
  3686 | D:6      | Found an iron altar of Okawaru.
  3727 | D:6      | Found Ittesuf's Distillery.
  3824 | D:6      | Noticed Menkaure
  3828 | D:6      | Killed Menkaure
  3829 | D:6      | Reached skill level 14 in Axes
  3829 | D:6      | Reached XP level 9. HP: 37/70 MP: 8/8
  3970 | D:6      | Reached * piety under Trog
  4215 | D:5      | Entered Level 5 of the Dungeon
  4555 | D:5      | Reached skill level 15 in Axes
  5192 | D:4      | Reached ** piety under Trog
  5577 | D:7      | Reached skill level 16 in Axes
  5579 | D:7      | Found Culijil's Antique Weapon Shoppe.
  5975 | D:8      | Reached XP level 10. HP: 69/77 MP: 9/9
  5986 | D:8      | Reached skill level 17 in Axes
  5998 | D:8      | Paralysed by a hornet for 2 turns
  6501 | D:9      | Noticed Prince Ribbit
  6514 | D:9      | Killed Prince Ribbit
  6543 | D:9      | Found an opulent altar of Gozag.
  6958 | D:9      | Noticed a two-headed ogre
  6965 | D:9      | Killed a two-headed ogre
  6966 | D:9      | Reached skill level 18 in Axes
  7208 | D:10     | Entered Level 10 of the Dungeon
  7522 | D:10     | Reached skill level 5 in Fighting
  7551 | D:10     | Reached *** piety under Trog
  7552 | D:10     | Reached skill level 5 in Armour
  7552 | D:10     | Reached skill level 5 in Shields
  7649 | D:10     | Found a staircase to the Orcish Mines.
  8268 | D:11     | Noticed a two-headed ogre
  8274 | D:11     | Killed a two-headed ogre
  8507 | D:3      | Reached XP level 11. HP: 89/89 MP: 10/10
  8507 | D:3      | Noticed a sun demon
  9025 | D:11     | Found a staircase to the Lair.
  9526 | D:12     | Noticed a cyan ugly thing
  9540 | D:12     | Killed a cyan ugly thing
  9561 | D:12     | Noticed a two-headed ogre
  9562 | D:12     | Noticed a wizard
  9571 | D:12     | Killed a two-headed ogre
  9580 | D:12     | Killed a wizard
  9687 | D:12     | Noticed a two-headed ogre
  9702 | D:12     | Killed a two-headed ogre
  9842 | D:12     | Noticed a boulder beetle
  9871 | D:12     | Killed a boulder beetle
 10017 | D:12     | Found a hazy altar of Hepliaklqana.
 10130 | D:12     | Reached **** piety under Trog
 10203 | D:12     | Noticed Rupert
 10217 | D:12     | Slain by Rupert

Illustrated notes

Levels and vault maps discovered:
D:1:      wander_arrival_estate, layout_basic
D:2:      layout_loops_ring, minmay_lizard_king
D:3:      gammafunk_wand_slinger, layout_basic,
          dilly_ecumenical_altar_fadedgnrine, uniq_natasha
D:4:      layout_rooms, fedhas_altar_decomposition,
          minmay_temple_entry_junction, kennysheep_generic_room_10, uniq_edmund,
          uniq_eustachio, uniq_pikel
D:5:      layout_loops_cross, kennysheep_generic_room_12
D:6:      layout_loops_cross, marbit_many_paths, grunt_temple_overflow_open,
          serial_shops, shop, uniq_menkaure, uniq_crazy_yiuf_cottage
D:7:      layout_loops_ring, serial_shops, nicolae_shop_gibbet_a_chance,
          grunt_ministairs_9, minmay_strange_pillars
D:8:      layout_rooms
D:9:      layout_basic, grunt_gozag_statues, uniq_prince_ribbit1
D:10:     layout_loops_ring, david_orc_1_choice, dreamdust_princess_bridge
D:11:     layout_roguey, lair_entry_dummy
D:12:     lemuel_ice_statue, layout_basic, hangedman_decor_riveting,
          nicolae_hepliaklqana_hazy_memory, uniq_rupert
Temple:   sentei_temple_godly_chess

Skill      XL: |  1  2  3  4  5  6  7  8  9 10 11 |
---------------+----------------------------------+-----
Axes           | 3 4 5 6 8 9 11 14 16 18 | 18.0
Fighting       | 6 8 |  8.2
Armour         | 6 8 |  8.1
Shields        | 6 8 |  8.0

Action                     |  1- 3 |  4- 6 |  7- 9 | 10-12 || total
---------------------------+-------+-------+-------+-------++-------
  Melee: War axe           |    78 |    83 |       |       ||   161
         Headbutt          |     5 |    14 |    46 |    45 ||   110
         Hand axe          |       |     9 |   269 |   264 ||   542
  Throw: Boomerang         |    12 |     1 |       |    14 ||    27
 Invoke: Berserk           |       |       |       |     3 ||     3
         Trog's Hand       |       |       |       |     1 ||     1
  Evoke: Wand              |       |       |       |     8 ||     8
    Use: Scroll            |       |     1 |    18 |     8 ||    27
         Potion            |       |       |       |     2 ||     2
 Armour: Scale mail        |    64 |    35 |    26 |       ||   125
         Plate armour      |       |       |    90 |    94 ||   184
  Dodge: Dodged            |    61 |    77 |   108 |    67 ||   313
  Block: Buckler           |    19 |    17 |       |       ||    36
         Kite shield       |       |    11 |    84 |    83 ||   178

Table legend: (Time is in decaauts)
 A = Elapsed time spent in this place.
 B = Non-inter-level travel time spent in this place.
 C = Inter-level travel time spent in this place.
 D = Time resting spent in this place.
 E = Time spent auto-exploring this place.
 F = Levels seen in this place.
 G = Mean time per level.
                   A        B        C        D        E       F      G
               +--------+--------+--------+--------+--------+-----+--------+
         Total |  10152 |   9450 |    702 |    176 |   6778 |  13 |  780.9 |
       Dungeon |  10119 |   9417 |    702 |    170 |   6778 |  12 |  843.2 |
        Temple |     33 |     33 |      0 |      6 |      0 |   1 |   33.0 |
               +--------+--------+--------+--------+--------+-----+--------+

Top non-repeatable levels by time:
     D:3: 1453 daAuts
    D:10: 1121 daAuts
     D:2: 1076 daAuts
     D:6: 882 daAuts
     D:4: 790 daAuts
     D:9: 778 daAuts
     D:5: 763 daAuts
    D:11: 711 daAuts
    D:12: 706 daAuts
     D:8: 694 daAuts
     D:7: 617 daAuts
     D:1: 523 daAuts
  Temple: 33 daAuts
